 Dungeon Crawl Stone Soup version 0.28.0-45-g0d030f2227 (webtiles) character file.

Game seed: 17102178590173671432

950 CryoSword the Shield-Bearer (level 8, -2/62 HPs)
             Began as a Formicid Fighter on Apr 11, 2022.
             Slain by an ogre
             ... wielding a +0 giant club
              (22 damage)
             ... on level 5 of the Dungeon.
             The game lasted 00:06:26 (5562 turns).

CryoSword the Shield-Bearer (Formicid Fighter)      Turns: 5562, Time: 00:06:26

Health: -2/62      AC:  9    Str: 22    XL:     8   Next: 35%
Magic:  8/8        EV:  9    Int:  9    God:
Gold:   92         SH:  5    Dex: 10    Spells: 7/7 levels left

rFire   . . .      SeeInvis +   a - +0 quarterstaff
rCold   . . .      Faith    .   c - +0 buckler
rNeg    . . .      Spirit   .   b - +0 scale mail
rPois   .          Reflect  .   (helmet unavailable)
rElec   .          Harm     .   e - +1 cloak
rCorr   .          Rampage  .   (no gloves)
Will    .....                   (no boots)
Stlth   ..........              (no amulet)
HPRegen 0.20/turn               (no ring)
MPRegen 0.11/turn               (no ring)

@: no status effects
A: permanent stasis, dig shafts and tunnels, antennae 3, four strong arms
a: Dig, Shaft Self


You were on level 5 of the Dungeon.
You visited 1 branch of the dungeon, and saw 5 of its levels.

You collected 92 gold pieces.

Inventory:

Hand Weapons
 a - a +0 quarterstaff (weapon)
Missiles
 g - 7 silver javelins
 i - 6 boomerangs
 o - 5 poisoned darts
Armour
 b - a +0 scale mail (worn)
 c - a +0 buckler (worn)
 e - a +1 cloak (worn)
   (You found it on level 1 of the Dungeon)
Jewellery
 l - a ring of protection from fire
   (You found it on level 2 of the Dungeon)
Wands
 n - a wand of flame (15)
   (You found it on level 4 of the Dungeon)
Scrolls
 d - a scroll of enchant armour
 f - a scroll of fear {unknown}
 j - a scroll of fog
 p - 3 scrolls of enchant weapon {unknown}
 q - a scroll of immolation {unknown}
 s - a scroll of magic mapping {unknown}
 u - a scroll of identify {@r1}
Potions
 h - a potion of haste {@q3}
 k - a potion of lignification {unknown}
 m - a potion of mutation {unknown}
 r - a potion of attraction {unknown}
 t - a potion of invisibility {unknown}
 v - a potion of flight {unknown}


   Skills:
 + Level 5.1 Fighting
 * Level 5.5 Staves
 + Level 3.3 Throwing
 + Level 5.2 Armour
 + Level 5.7 Shields


You had 7 spell levels left.
You didn't know any spells.
Your spell library contained the following spells:

 Spells                   Type           Power      Damage    Failure   Level
 Summon Small Mammal      Summ           0%         N/A       77%         1
 Static Discharge         Conj/Air       0%         N/A       88%         2
 Call Canine Familiar     Summ           0%         N/A       98%         3
 Conjure Flame            Conj/Fire      0%         6-21      98%         3
 Ignite Poison            Fire/Tmut/Pois 0%         N/A       98%         3
 Summon Guardian Golem    Hex/Summ       0%         N/A       98%         3
 Sticky Flame             Conj/Fire      0%         2d3       100%        4
 Lightning Bolt           Conj/Air       0%         1d11      100%        5
 Maxwell's Capacitive Co  Air            0%         ∞         100%        8


Dungeon Overview and Level Annotations

Branches:
Dungeon (5/15)
 Temple: D:4-7

Altars:

Shops:
D:2 [

Annotations:
D:3 3 runed translucent doors, Descartes's ghost, amateur FoWr


Innate Abilities, Weirdness & Mutations

You cannot be hasted, slowed, berserked, paralysed or teleported.
You can dig through walls and to a lower floor.
You have a pair of large antennae on your head. (SInv)
Your four strong arms can wield two-handed weapons with a shield.


Message History

Pikel burns you.
You hit Pikel but do no damage. You block Pikel's attack.
You sock Pikel! Pikel hits you but does no damage.
You hit Pikel.
Pikel hits you with a +1 whip of flaming.
Pikel burns you.
You barely miss Pikel. You block Pikel's attack.
You hit Pikel. Pikel barely misses you.
You miss Pikel.
Pikel hits you with a +1 whip of flaming!
Pikel burns you.
You sock Pikel!
You kill Pikel!
With Pikel's spell broken, his former minion thanks you for its freedom.
The lemure departs this earthly plane.
Your Fighting skill increases to level 5!
Your Staves skill increases to level 5!
Your Throwing skill increases to level 3!
Your Armour skill increases to level 5!
You have reached level 8!
You feel clever.
Things that are here:
a +1 whip of flaming; a +0 robe Done exploring.
Done exploring.
Done exploring.
There is a stone staircase leading down here.
You climb downwards.
The orc shouts!
The orc priest shouts!
The orc shouts! x3; You hear a shout!
Found 14 gold pieces.
There is a stone staircase leading up here.
You climb upwards.
There is a stone staircase leading down here.
You see here a +0 dagger.
Things that are here:
a +0 dagger; a +0 dagger
There is an escape hatch in the floor here.
There is a stone staircase leading down here.
You climb downwards.
There is a stone staircase leading up here.
An orc priest is nearby!
An orc priest is nearby!
An orc priest is nearby!
You block the orc priest's attack.
You thump the orc priest!
The orc priest looks braver for a moment.
You sock the orc priest!
You kill the orc priest!
No target in view!
No target in view!
No target in view!
No target in view!
No target in view!
No target in view!
No target in view!
No target in view!
No target in view!
No target in view!
Things that are here:
a +2 falchion of holy wrath; a +0 ring mail An orc is nearby!
An orc is nearby!
An orc is nearby!
The orc shouts!
The orc shouts!
The orc shouts!
You closely miss the orc. The orc barely misses you.
You barely miss the orc. The orc barely misses you.
You barely miss the orc. The orc misses you.
The orc hits you but does no damage.
You hit the orc. You block the orc's attack.
The orc hits you but does no damage. The orc hits you with a +0 flail!
You closely miss the orc. The orc hits you but does no damage.
The orc closely misses you. The orc hits you but does no damage.
You hit the orc.
You kill the orc!
The orc hits you but does no damage. The orc closely misses you. x2
You hit the orc. The orc hits you but does no damage.
The orc hits you with a +0 hand axe. The orc hits you with a +0 flail!
You sock the orc!
You kill the orc!
The quokka bites you but does no damage.
The orc hits you but does no damage. The orc barely misses you.
You block the quokka's attack.
You closely miss the quokka. The orc hits you with a +0 mace.
The quokka bites you but does no damage.
The orc hits you but does no damage. The orc barely misses you.
You are too injured to fight recklessly!
You are too injured to fight recklessly!
You are too injured to fight recklessly!
You are too injured to fight recklessly!
You are too injured to fight recklessly!
You are too injured to fight recklessly!
You are too injured to fight recklessly!
You are too injured to fight recklessly!
You are too injured to fight recklessly!
You are too injured to fight recklessly!
You are too injured to fight recklessly!
You are too injured to fight recklessly!
You are too injured to fight recklessly!
The quokka twitches its whiskers.
The quokka barely misses you.
The quokka twitches its whiskers.
The quokka bites you but does no damage.
Things that are here:
a +2 falchion of holy wrath; a +0 ring mail You sock the quokka!
You kill the quokka!
You thump the orc!
You kill the orc!
You closely miss the orc. The orc barely misses you.
You barely miss the orc. The orc hits you but does no damage.
You hit the orc but do no damage. The orc barely misses you.
You hit the orc. The orc barely misses you.
You thump the orc!
You kill the orc!
Items here: )) [ †.
Things that are here:
a +2 falchion of holy wrath; a +0 ring mail
Things that are here:
a +0 club; a +0 leather armour You now have 77 gold pieces (gained 14).
Found a stone staircase leading down.
You now have 92 gold pieces (gained 15).
An ogre comes into view. It is wielding a +0 giant club.
An ogre is nearby!
An ogre is nearby!
An ogre is nearby!
An ogre is nearby!
The ogre shouts!
The ogre hits you with a +0 giant club!
You sock the ogre! You hit the ogre. The ogre hits you with a +0 giant club!
You are too injured to fight recklessly!
You are too injured to fight recklessly!
You are too injured to fight recklessly!
You are too injured to fight recklessly!
You are too injured to fight recklessly!
You are too injured to fight recklessly!
You are too injured to fight recklessly!
You are too injured to fight recklessly!
You are too injured to fight recklessly!
You are too injured to fight recklessly!
You are too injured to fight recklessly!
You barely miss the ogre. The ogre hits you with a +0 giant club!
* * * LOW HITPOINT WARNING * * *
You thump the ogre! You block the ogre's attack.
You barely miss the ogre.
The ogre hits you with a +0 giant club!!
You die...

#...........
....
##..........
...
#..........
..
#..........
.
#..........
##.........
###.........
#...........
###.@.......
#.O.......
##........
#........
##.......
.......
.......
.......


You could see an ogre.

Vanquished Creatures
  Pikel (D:4)
  The ghost of Vangrel the Skirmisher, an amateur HOFi (D:3)
  3 lemures
  A hound (D:4)
  A jelly (D:4)
  2 orc priests
  Natasha (thrice) (D:3)
  A hound skeleton (D:4)
  Robin (D:4)
  3 gnolls (D:4)
  5 adders
  2 adder skeletons (D:4)
  2 worms
  8 orcs
  5 bats
  5 endoplasms
  3 giant cockroaches
  17 goblins
  3 hobgoblins
  3 jackals (D:2)
  3 quokkas
  8 ball pythons
  3 frilled lizards
  8 kobolds
  4 rats
96 creatures vanquished.

Notes
Turn   | Place    | Note
-------+----------+-------------------------------------------
     0 | D:1      | CryoSword the Formicid Fighter began the quest for the Orb.
     0 | D:1      | Reached XP level 1. HP: 18/18 MP: 1/1
   247 | D:1      | Reached XP level 2. HP: 24/24 MP: 2/2
   783 | D:2      | Reached XP level 3. HP: 29/29 MP: 3/3
   871 | D:2      | Reached skill level 1 in Throwing
   890 | D:2      | Found Ging's Armour Shoppe.
   949 | D:2      | Reached XP level 4. HP: 18/36 MP: 4/4
  1833 | D:3      | Noticed Natasha
  1850 | D:3      | HP: 1/37 [frilled lizard (1)]
  1851 | D:3      | Killed Natasha
  1852 | D:3      | Reached XP level 5. HP: 2/42 MP: 5/5
  2151 | D:3      | Noticed Natasha
  2156 | D:3      | Killed Natasha
  2257 | D:3      | Noticed Natasha
  2273 | D:3      | Killed Natasha
  2604 | D:3      | Found a runed translucent gate.
  2604 | D:3      | Found a runed translucent gate.
  2604 | D:3      | Found a runed translucent gate.
  2804 | D:3      | Noticed Descartes's ghost (amateur FoWr)
  2825 | D:3      | Reached XP level 6. HP: 35/48 MP: 6/6
  3521 | D:4      | Found a runed translucent door.
  3521 | D:4      | Noticed Vangrel's ghost (amateur HOFi)
  4236 | D:4      | Noticed Robin
  4425 | D:4      | Killed Robin
  4844 | D:3      | HP: 1/49 [Vangrel's ghost (7)]
  4845 | D:3      | Killed Vangrel's ghost
  4846 | D:3      | Reached skill level 5 in Shields
  4846 | D:3      | Reached XP level 7. HP: 1/55 MP: 7/7
  5184 | D:4      | Noticed Pikel
  5209 | D:4      | Killed Pikel
  5210 | D:4      | Reached skill level 5 in Fighting
  5210 | D:4      | Reached skill level 5 in Staves
  5210 | D:4      | Reached skill level 5 in Armour
  5210 | D:4      | Reached XP level 8. HP: 40/62 MP: 8/8
  5331 | D:5      | Entered Level 5 of the Dungeon
  5562 | D:5      | Slain by an ogre

Illustrated notes

Levels and vault maps discovered:
D:1:      wander_arrival_peaceful_grave, layout_loops_ring
D:2:      layout_basic, serial_shops, shop, dk_noncrumbling_3,
          kennysheep_generic_room_10
D:3:      layout_basic, gammafunk_ghost_icy, st_stairs_3, kennysheep_crisscross,
          uniq_natasha
D:4:      layout_loops_cross, hellmonk_ghost_happy_afterlife, uniq_pikel,
          uniq_robin
D:5:      layout_layer_cave, overflow_temple_1_default,
          minmay_temple_entry_waves, uniq_sigmund

Skill      XL: |  1  2  3  4  5  6  7 |
---------------+----------------------+-----
Shields        | 4 5 |  5.7
Throwing       | 1 2 3 |  3.3
Staves         | 3 4 5 |  5.5
Fighting       | 4 5 |  5.1
Armour         | 4 5 |  5.2

Action                   |  1- 3 |  4- 6 |  7- 9 || total
-------------------------+-------+-------+-------++-------
Melee: Quarterstaff      |    84 |   248 |    41 ||   373
  Use: Scroll            |       |     6 |       ||     6
       Potion            |       |     1 |       ||     1
Armor: Scale mail        |    37 |   148 |    16 ||   201
Dodge: Dodged            |    37 |   131 |    16 ||   184
Block: Buckler           |    19 |    73 |    10 ||   102
